 Dungeon Crawl Stone Soup version 0.14-a0-3405-g7f0333e (webtiles) character file.

5523 Psiweapon the Reanimator (level 10, -2/75 HPs)
             Began as a Deep Dwarf Necromancer on Mar 21, 2014.
             Was a Follower of Ashenzari.
             Slain by a yak (11 damage)
             ... on Level 1 of the Lair of Beasts.
             The game lasted 01:14:52 (9686 turns).

Psiweapon the Reanimator (Deep Dwarf Necromancer)   Turns: 9686, Time: 01:14:53

HP  -2/75        AC 11     Str 15      XL: 10   Next: 31%
MP  17/28        EV 11     Int 17      God: Ashenzari [*.....]
Gold 445         SH 14     Dex 13      Spells:  7 memorised,  0 levels left

rFire  . . .     SeeInvis .     X - +8,+6 broad axe of Capital Punishment {chop, rN+ MR+}
rCold  . . .     Clarity  .     K - +3 leather armour "Phu Jur" {Str+1}
rNeg   + . .     Conserve .     m - +1 buckler (curse)
rPois  .         rCorr    .     Q - +0 helmet
rElec  .         rRot     .     (no cloak)
SustAb . .       Spirit   .     o - +2 pair of gloves (curse)
rMut   .         Warding  .     n - +0 pair of boots
Saprov . . .     Stasis   .     (no amulet)
MR     ++...                    j - cursed ring of sustenance
                                H - ring of magical power

@: non-regenerating, very resistant to hostile enchantments, fairly stealthy
A: damage resistance, recharge devices, sense surroundings 2, slow healing 3
a: Device Recharging, Renounce Religion


You were on level 1 of the Lair of Beasts.
You worshipped Ashenzari.
Ashenzari was aware of your devotion.
You were not hungry.

You visited 3 branches of the dungeon, and saw 10 of its levels.
You also visited: Bailey.

You collected 445 gold pieces.

Inventory:

Hand weapons
 G - a +0,+2 whip of venom
 X - the cursed +8,+6 broad axe of Capital Punishment (weapon) {chop, rN+ MR+}
   (You found it on level 8 of the Dungeon)

   It inflicts extra damage upon your enemies.
   It protects you from negative energy.
   It affects your resistance to hostile enchantments.
   It has a curse placed upon it.
Missiles
 e - 3 tomahawks
 h - 40 darts
 u - 2 poisoned darts
 M - 3 poisoned javelins (quivered)
Armour
 m - a cursed +1 buckler (worn)
 n - a +0 pair of boots (worn)
 o - a cursed +2 pair of gloves (worn)
 K - the cursed +3 leather armour "Phu Jur" (worn) {Str+1}
   (You found it on level 6 of the Dungeon)

   It affects your strength (+1).
   It has a curse placed upon it.
 Q - a +0 helmet (worn)
Magical devices
 c - a wand of heal wounds (1)
 y - a wand of frost (18)
Comestibles
 a - a chunk of quokka flesh
 d - 3 bread rations
 C - 3 rotting chunks of giant frog flesh
 L - 18 cheeses
 R - 10 strawberries
Scrolls
 g - a scroll of curse armour
 i - 4 scrolls of teleportation
 q - 5 scrolls of remove curse
 s - a scroll of fear {unknown}
 w - 2 scrolls of magic mapping
 F - 3 scrolls of enchant armour
 N - a scroll of noise {unknown}
 U - a scroll of random uselessness
Jewellery
 j - a cursed ring of sustenance (right hand)
 l - an uncursed ring of see invisible {unknown}
 H - a ring of magical power (left hand)
 I - an uncursed ring of regeneration
Potions
 f - a potion of agility {unknown}
 k - a potion of beneficial mutation {unknown}
 p - 2 potions of curing
 r - a potion of heal wounds
 t - a potion of haste {unknown}
 x - a potion of resistance
 J - 2 potions of poison
 P - a potion of lignification {unknown}
Books
 b - a book of Necromancy

   Spells                             Type                      Level
   *Pain                              Necromancy                   1
   *Animate Skeleton                  Necromancy                   1
   *Lethal Infusion                   Charms/Necromancy            2
   *Vampiric Draining                 Necromancy                   3
   Regeneration                       Charms/Necromancy            3
   *Animate Dead                      Necromancy                   4
   *Control Undead                    Necromancy                   4
 v - a book of Spatial Translocations

   Spells                             Type                      Level
   Apportation                        Translocation                1
   *Blink                             Translocation                2
   Shroud of Golubria                 Charms/Translocation         2
   Portal Projectile                  Translocation                3
   Teleport Other                     Translocation                3
   Passage of Golubria                Translocation                4
 A - a book of Callings

   Spells                             Type                      Level
   Summon Small Mammal                Summoning                    1
   Call Imp                           Summoning                    2
   Call Canine Familiar               Summoning                    3
   Summon Guardian Golem              Hexes/Summoning              4
   Summon Lightning Spire             Summoning/Air                4
   Summon Ice Beast                   Ice/Summoning                4
Miscellaneous
 T - a plain deck of dungeons {drawn: 1}


   Skills:
 + Level 6.7 Axes
 - Level 5.5 Maces & Flails
 - Level 2.2 Dodging
 - Level 2.5 Stealth
 + Level 9.9 Shields
 - Level 4.2 Spellcasting
 - Level 10.1 Necromancy


You couldn't memorise any spells.
You knew the following spells:

 Your Spells              Type           Power        Failure   Level  Hunger
a - Pain                  Necr           ####         1%          1    None
b - Animate Skeleton      Necr           N/A          1%          1    None
c - Vampiric Draining     Necr           #####.....   1%          3    ###....
d - Lethal Infusion       Chrm/Necr      ###.......   2%          2    ##.....
e - Control Undead        Necr           #####.....   2%          4    ####...
f - Animate Dead          Necr           N/A          2%          4    ####...
g - Blink                 Tloc           N/A          24%         2    ##.....


Dungeon Overview and Level Annotations

Branches:
Dungeon (8/15)             Temple (1/1) D:6            Lair (1/8) D:8

Altars:
Ashenzari
Cheibriados
Dithmenos
Elyvilon
Fedhas
Makhleb
Nemelex Xobeh
Okawaru
Sif Muna
Trog
Vehumet
Xom
Yredelemnul
Zin
The Shining One

Shops:
D:8 }


Innate Abilities, Weirdness & Mutations

You are resistant to damage.
You can recharge devices by infusing magical energy.
You passively map the area around you.
You do not heal naturally.


Message History

The yak gores you!
* * * LOW HITPOINT WARNING * * *
Casting: Vampiric Draining
Confirm with . or Enter, or press ? or * to list all spells.
Aiming: Vampiric Draining
Press: ? - help, Shift-Dir - straight line, f - yak
Aim: a yak (lightly wounded)
The yak is moderately wounded.
You feel life coursing into your body. The yak closely misses you.
You block the yak's attack. The yak gores you but does no damage.
The yak gores you!
* * * LOW HITPOINT WARNING * * *
Casting: Vampiric Draining
Confirm with . or Enter, or press ? or * to list all spells.
Aiming: Vampiric Draining
Press: ? - help, Shift-Dir - straight line, f/p - yak
Aim: a yak (moderately wounded)
The yak is heavily wounded.
You feel life coursing into your body. The yak gores you!
You die...

.##
#.#..###P.........#..#......
#.#
####..###.........Y...(.....
#.## #### #.........###.......
#(.## #.........###.......
##..# ##.........###......
#..## #..........####....
##..## ##.....=.#.# ##....
#f..# #YY....#### #....# ##.##
#@Y..### ##..## ##.# #.Y.##
#....# #..# #####..## ##..##
##.#######.....## #..#
##...........## #######..##
#............######..........
#.............................
#.............................
#.........;....................


You could see 4 yaks.

Vanquished Creatures
  Grinder (D:5)
  An elephant (D:8)
  3 wolves (Lair:1)
  A hippogriff (D:8)
  3 water moccasins
  3 orc warriors
  A black bear (D:8)
  A sky beast (D:5)
  3 ogres
  6 yaks
  A phantom (D:8)
  4 giant frogs
  A centaur (D:8)
  A crocodile (D:8)
  A wyvern zombie (D:8)
  3 wights (D:8)
  A scorpion (D:8)
  3 hounds
  5 orc priests
  2 jellies
  4 orc wizards
  An orange rat (D:7)
  6 worker ants
  A sheep (D:8)
  10 adders
  A worker ant zombie (D:7)
  A gnoll (D:3)
  4 giant mites
  8 green rats
  4 worms
  2 adder skeletons
  5 giant geckos
  23 orcs
  8 bats
  6 giant cockroaches
  14 hobgoblins
  10 jackals
  16 kobolds
  2 oozes
  4 ball pythons (D:3)
  5 giant newts
  A giant spore (D:6)
  14 goblins
  2 hobgoblin skeletons
  10 quokkas
  19 rats
  A ballistomycete (D:6)
227 creatures vanquished.

Vanquished Creatures (collateral kills)
  The ghost of ketsa the Cleaver, an experienced LODK of Yredelemnul (D:8)
  A wolf (Lair:1)
  An orc warrior (D:8)
  A big kobold (D:8)
  The ghost of Herrn the Skirmisher, an average VSFi (D:3)
  A giant frog (D:6)
  A yak zombie (D:7)
  2 electric eels (Lair:1)
  An orc wizard (D:8)
  A worker ant zombie (D:8)
  An orc zombie (D:6)
  2 green rats (Lair:1)
  A giant gecko (D:3)
  10 orcs
  A bat (D:3)
  3 goblins
  3 hobgoblins
  3 jackals
  A ball python (D:3)
  6 kobolds
  3 rats
45 creatures vanquished.

Vanquished Creatures (others)
  A water moccasin skeleton (Lair:1)
  A yak skeleton (Lair:1)
  2 wolf skeletons (Lair:1)
  2 giant frog skeletons
  A hippogriff skeleton (D:8)
  An ogre skeleton (D:7)
  A crocodile skeleton (D:8)
  A hound skeleton (Lair:1)
  2 green rat skeletons (Lair:1)
  4 adder skeletons
  2 goblin skeletons
  3 hobgoblin skeletons
  6 jackal skeletons
  3 kobold skeletons
  7 orc skeletons
  An orc zombie (Bailey)
  5 quokka skeletons
  2 rat skeletons
45 creatures vanquished.

Grand Total: 317 creatures vanquished

Notes
Turn   | Place    | Note
--------------------------------------------------------------
     0 | D:1      | Psiweapon, the Deep Dwarf Necromancer, began the quest for the Orb.
     0 | D:1      | Reached XP level 1. HP: 15/15 MP: 2/2
    81 | D:1      | Learned a level 1 spell: Animate Skeleton
   343 | D:1      | Reached XP level 2. HP: 19/22 MP: 0/3
   700 | D:1      | Reached skill level 5 in Necromancy
  1230 | D:2      | Reached XP level 3. HP: 6/28 MP: 6/6
  1250 | D:2      | Learned a level 3 spell: Vampiric Draining
  2374 | D:3      | Reached XP level 4. HP: 32/36 MP: 0/8
  2750 | D:3      | Noticed Herrn's ghost (average VSFi)
  2764 | D:3      | Killed Herrn's ghost
  2764 | D:3      | Reached skill level 6 in Necromancy
  2764 | D:3      | Reached XP level 5. HP: 37/42 MP: 10/10
  3118 | D:3      | Found an iron altar of Okawaru.
  3759 | D:4      | Reached skill level 7 in Necromancy
  3759 | D:4      | Reached XP level 6. HP: 37/49 MP: 7/13
  3812 | D:4      | Noticed an ogre
  3826 | D:4      | Killed an ogre
  4231 | D:5      | Entered Level 5 of the Dungeon
  4448 | D:5      | Learned a level 2 spell: Lethal Infusion
  4453 | D:5      | Learned a level 4 spell: Control Undead
  4768 | D:5      | Reached skill level 8 in Necromancy
  4768 | D:5      | Reached XP level 7. HP: 35/55 MP: 6/15
  4808 | D:5      | Noticed Grinder
  4867 | D:5      | Killed Grinder
  5082 | D:6      | Reached skill level 1 in Shields
  5138 | D:6      | Found a staircase to the Ecumenical Temple.
  5155 | D:5      | Reached skill level 9 in Necromancy
  5327 | D:6      | Got a heavily runed leather armour
  5371 | Temple   | Entered the Ecumenical Temple
  5461 | Temple   | Became a worshipper of Ashenzari the Shackled
  5470 | Temple   | Identified the +3 leather armour "Phu Jur" {Str+1} (You found it on level 6 of the Dungeon)
  5606 | D:6      | Reached XP level 8. HP: 56/62 MP: 18/18
  6332 | D:7      | Reached skill level 10 in Necromancy
  6444 | D:7      | Found a flagged portal.
  6464 | Bailey   | Entered a bailey
  6559 | Bailey   | Learned a level 4 spell: Animate Dead
  6666 | Bailey   | Noticed an orc knight
  6673 | Bailey   | Reached skill level 5 in Shields
  6679 | Bailey   | Noticed an orc knight
  6679 | Bailey   | Noticed an orc knight
  6813 | D:7      | Reached skill level 1 in Maces & Flails
  7006 | D:7      | Found a sparkling altar of Nemelex Xobeh.
  7108 | D:7      | Found a shimmering altar of Xom.
  7797 | D:8      | Gained mutation: You passively map the area around you. [level up]
  7797 | D:8      | Reached XP level 9. HP: 50/68 MP: 18/19
  7853 | D:8      | Found a staircase to the Lair.
  7853 | D:8      | Noticed an elephant
  7904 | D:8      | Killed an elephant
  7946 | D:8      | Noticed ketsa's ghost (experienced LODK)
  7957 | D:8      | Killed ketsa's ghost
  8004 | D:8      | Reached skill level 5 in Maces & Flails
  8015 | D:8      | Got the broad axe of Capital Punishment {chop, rN+ MR+}
  8016 | D:8      | Identified the +8,+6 broad axe of Capital Punishment {chop, rN+ MR+} (You found it on level 8 of the Dungeon)
  8172 | D:8      | Found Fronitt's Gadget Emporium.
  8358 | D:8      | Identified a scroll of acquirement
  8388 | D:8      | Reached skill level 1 in Axes
  8874 | Lair:1   | Entered Level 1 of the Lair of Beasts
  8978 | Lair:1   | Reached skill level 5 in Axes
  8978 | Lair:1   | Reached XP level 10. HP: 63/75 MP: 16/20
  9356 | Lair:1   | Learned a level 2 spell: Blink
  9686 | Lair:1   | Slain by a yak

Action                   |  1- 3 |  4- 6 |  7- 9 | 10-12 || total
-------------------------+-------+-------+-------+-------++-------
Melee: Dagger            |    28 |       |       |       ||    28
       Hand axe          |    65 |    16 |       |       ||    81
       Flail             |       |    78 |   128 |       ||   206
       Whip              |       |       |    77 |       ||    77
       Broad axe         |       |       |    42 |    30 ||    72
 Fire: Blowgun           |       |     8 |     7 |       ||    15
Throw: Stone             |     8 |     2 |       |       ||    10
       Dart              |       |     7 |     2 |       ||     9
       Throwing net      |       |     1 |     1 |       ||     2
       Javelin           |       |       |     5 |     2 ||     7
 Cast: Pain              |    45 |    55 |    58 |     1 ||   159
       Animate Skeleton  |    28 |    16 |    52 |    12 ||   108
       Vampiric Draining |     5 |    12 |    93 |    26 ||   136
       Lethal Infusion   |       |     2 |     5 |       ||     7
       Animate Dead      |       |       |     2 |       ||     2
       Control Undead    |       |       |     2 |       ||     2
 Abil: Device Recharging |       |       |     1 |     1 ||     2
Evoke: Wand              |     1 |       |     6 |     4 ||    11
       Deck              |       |       |     1 |       ||     1
  Use: Scroll            |       |     3 |    17 |     1 ||    21
       Potion            |       |       |     1 |       ||     1
 Stab: Sleeping          |     1 |       |     2 |     1 ||     4
       Held in net/web   |       |       |     2 |       ||     2
       Distracted        |       |       |     3 |     1 ||     4
